 Dungeon Crawl Stone Soup version 0.31-a0-240-gb923e448b6 (webtiles) character file.

Game seed: 12609512354573628655

58 Essalna the Changeling (level 3, -2/31 HPs)
             Began as a Draconian Shapeshifter on July 12, 2023.
             Slain by a gnoll
             ... wielding a +0 club
              (5 damage)
             ... on level 2 of the Dungeon.
             The game lasted 00:02:28 (1126 turns).

Essalna the Changeling (Draconian Shapeshifter)     Turns: 1126, Time: 00:02:30

Health: -2/31      AC:  5    Str: 16 (17) XL:     3   Next: 75%
Magic:  3/3        EV: 12    Int:  5 (8)  God:
Gold:   39         SH:  0    Dex: 12 (13) Spells: 2/2 levels left

rFire   . .          .
                       - Unarmed
rCold   . . .        (no shield)
rNeg    . . .        (body armour unavailable)
rPois   .            (helmet restricted)
rElec   .            (no cloak)
rCorr   .            (no gloves)
SInv    .            (no boots)
Will    .....        (no amulet)
Stlth   +            (no ring)
HPRegen 0.25/turn    (no ring)
MPRegen 0.08/turn

%: no passive effects
@: no status effects
A: AC +5, unfitting armour, cold-blooded
a: no special abilities


You were on level 2 of the Dungeon.
You visited 1 branch of the dungeon, and saw 2 of its levels.

You collected 39 gold pieces.

Inventory:

Talismans
 b - a beast talisman
Scrolls
 c - a scroll of enchant armour {unknown}
 d - a scroll of identify {unknown}
Potions
 a - a potion of lignification


   Skills:
 + Level 3.2 Fighting
 - Level 1.7 Dodging
 + Level 2.8 Unarmed Combat
 + Level 3.4 Shapeshifting


You had 2 spell levels left.
You didn't know any spells.
Your spell library was empty.

Dungeon Overview and Level Annotations

Branches:
Dungeon (2/15)

Altars:
Nemelex Xobeh


Innate Abilities, Weirdness & Mutations

Your plain brown scales are hard. (AC +5)
You cannot fit into any form of body armour.
You are cold-blooded and may be slowed by cold attacks.


Message History

You begin untransforming.
You continue untransforming.
The gnoll hits you but does no damage.
Keep transforming yourself?
You continue untransforming.
The gnoll hits you from afar with a +0 spear.
The gnoll barely misses you.
You continue untransforming.
The gnoll closely misses you. x2
Your transformation has ended.
The adder hisses angrily.
The gnoll barely misses you. The gnoll hits you with a +0 club.
You hit the gnoll but do no damage. You tail-slap the gnoll.
The gnoll is lightly wounded.
The gnoll hits you from afar with a +0 spear.
The gnoll barely misses you.
You hit the gnoll but do no damage. You tail-slap the gnoll.
The gnoll is lightly wounded.
The gnoll closely misses you. The gnoll barely misses you.
You barely miss the gnoll.
Your tail-slap misses the gnoll.
The gnoll is lightly wounded.
The gnoll hits you from afar with a +0 spear.
The gnoll closely misses you.
You barely miss the gnoll.
The gnoll is lightly wounded.
The adder barely misses you. x2; The gnoll barely misses you.
The gnoll hits you with a +0 club.
You hit the gnoll. You tail-slap the gnoll.
You punch the gnoll, but do no damage.
The gnoll is almost dead.
The adder bites you. The gnoll closely misses you. The gnoll misses you.
The gnoll hits you with a +0 club.
* * * LOW HITPOINT WARNING * * *
It was a potion of degeneration.
There was something very wrong with that liquid.
You feel weakened.
You feel dopey.
You feel clumsy. The adder misses you. The gnoll barely misses you.
The gnoll hits you from afar with a +0 spear!
* * * LOW HITPOINT WARNING * * *
The gnoll hits you with a +0 club.
You die...

##### ## # .....
.###.# ......
##.#...#
.....g##..... #
.....gSg..#.#..###.#
#@..#.#......#
#.....#......#
..#####........_...#
............#......#
..#######...#......#
........#.#.#..#.##
.#######........<.#
#..#.##.#..#
#..#.##.#.[#


You could see 3 gnolls and an adder.

Vanquished Creatures
  Natasha (D:2)
  A dart slug (D:2)
  2 ball pythons (D:1)
  4 endoplasms
  A giant cockroach (D:1)
  2 goblins (D:1)
  3 hobgoblins (D:1)
  2 jackals (D:1)
  5 kobolds (D:1)
  A quokka (D:1)
  3 bats
  A frilled lizard (D:1)
  A rat (D:1)
27 creatures vanquished.

Notes
Turn   | Place    | Note
-------+----------+-------------------------------------------
     0 | D:1      | Essalna the Draconian Shapeshifter began the quest for the
                  | Orb.
     0 | D:1      | Reached XP level 1. HP: 17/17 MP: 1/1
   159 | D:1      | Reached XP level 2. HP: 24/25 MP: 2/2
  1014 | D:2      | Reached XP level 3. HP: 27/30 MP: 3/3
  1028 | D:2      | Found a sparkling altar of Nemelex Xobeh.
  1045 | D:2      | Noticed Natasha
  1052 | D:2      | Killed Natasha
  1126 | D:2      | Slain by a gnoll

Illustrated notes

Levels and vault maps discovered:
D:1:      dpeg_arrival_long_road, layout_basic, minivault_26
D:2:      layout_basic, basic_altar, uniq_natasha

Skill      XL: |  1  2  3 |
---------------+----------+-----
Fighting       | 3 |  3.2
Dodging        | |  1.7
Unarmed Combat | |  2.8
Shapeshifting  | |  3.4

Action                     || total
---------------------------++-------
  Melee: Unarmed           ||    69
         Tailslap          ||    10
         Punch             ||     2
    Use: Potion            ||     1
   Stab: Sleeping          ||     1
 Armour: Skin              ||    15
  Dodge: Dodged            ||    58
         Form:             ||     1

Table legend: (Time is in decaauts)
 A = Elapsed time spent in this place.
 B = Non-inter-level travel time spent in this place.
 C = Inter-level travel time spent in this place.
 D = Time resting spent in this place.
 E = Time spent auto-exploring this place.
 F = Levels seen in this place.
 G = Mean time per level.
                   A        B        C        D        E       F      G
               +--------+--------+--------+--------+--------+-----+--------+
         Total |   1124 |   1082 |     42 |      0 |    905 |   2 |  562.0 |
       Dungeon |   1124 |   1082 |     42 |      0 |    905 |   2 |  562.0 |
               +--------+--------+--------+--------+--------+-----+--------+

Top non-repeatable levels by time:
     D:1: 1003 daAuts
     D:2: 120 daAuts
